 Dungeon Crawl Stone Soup version 0.28-a0-461-g2dc4ca5097 (webtiles) character file.

Game seed: 10159773976639790431

244842 toffzen the Bludgeoner (level 19, -1/277 HPs)
             Began as a Minotaur Cinder Acolyte on Sept 10, 2021.
             Was the Champion of Trog.
             Splashed by a goliath frog's acid (4 damage)
             ... called by a spriggan druid
             ... on level 3 of the Swamp on Sept 14, 2021.
             The game lasted 02:13:27 (49390 turns).

toffzen the Bludgeoner (Minotaur Cinder Acolyte)   Turns: 49390, Time: 02:13:27

Health: -1/277     AC: 29    Str: 22    XL:     19   Next: 16%
Magic:  12/19      EV: 13    Int: 11    God:    Trog [******]
Gold:   2021       SH:  0    Dex: 14    Spells: 20/20 levels left

rFire   . . .      SeeInvis .   c - +7 broad axe (elec)
rCold   + . .      Faith    .   (no shield)
rNeg    . . .      Spirit   .   W - +7 plate armour of Insurance {rC+}
rPois   +          Reflect  .   M - +1 hat
rElec   +          Harm     .   r - scarf {+Inv}
rCorr   +          Rampage  .   N - +0 pair of gloves {Dex+3}
Will    +....                   k - +0 pair of boots
Stlth   ..........              K - amulet of Xosteaw {RegenMP rElec rCorr}
HPRegen 0.56/turn               D - +4 ring of slaying
MPRegen 0.41/turn               R - ring of poison resistance

@: berserking (expiring), quick
A: horns 2, retaliatory headbutt
}: 1/15 runes: gossamer
a: Renounce Religion, Evoke Invisibility, Berserk, Trog's Hand, Brothers in Arms


You were on level 3 of the Swamp.
You worshipped Trog.
Trog was exalted by your worship.
You visited 8 branches of the dungeon, and saw 34 of its levels.
You also visited: Ice Cave.

You collected 3598 gold pieces.
You spent 1577 gold pieces at shops.

Inventory:

Hand Weapons
 a - a +0 eveningstar of draining
 b - the +5 demon whip of Capital Punishment {flame, SInv}
   (Trog gifted it to you on level 1 of the Orcish Mines)

   It burns those it strikes, dealing additional fire damage.
   SInv:      It lets you see invisible.
 c - a +7 broad axe of electrocution (weapon)
 j - a +0 hunting sling
 w - the +3 great mace of Imp's Death {antimagic, *Noise rF+ Will+ Str+3}
   (Trog gifted it to you on level 1 of the Swamp)

   It reduces the magical energy of the wielder, and disrupts the spells and
   magical abilities of those it strikes.
   Natural abilities and divine invocations are not affected.
   Str:       It affects your strength (+3).
   rF:        It protects you from fire.
   *Noise:    It may make noises in combat.
   Will:      It increases your willpower.
 x - the +3 trident of Impatience {vorpal, rElec Dex+5}
   (You found it on level 2 of the Lair of Beasts)

   It inflicts extra damage upon your enemies.
   Dex:       It affects your dexterity (+5).
   rElec:     It insulates you from electricity.
Missiles
 m - 804 stones (quivered)
 F - 5 throwing nets
Armour
 k - a +0 pair of boots (worn)
 r - a scarf of invisibility (worn)
 u - a +0 kite shield of reflection
 M - a +1 hat (worn)
 N - a +0 pair of gloves of dexterity (worn)
 W - the +7 plate armour of Insurance (worn) {rC+}
   (You found it on level 6 of the Lair of Beasts)

   rC:        It protects you from cold.
 X - a +0 crystal plate armour of cold resistance
Jewellery
 p - the ring "Xupt" {rN+ rCorr}
   (You found it on level 4 of the Dungeon)

   [ring of positive energy]

   rN:        It protects you from negative energy.
   rCorr:     It protects you from acid and corrosion.
 D - a +4 ring of slaying (left hand)
 E - a ring of protection from cold
 H - a ring of ice
 K - the amulet of Xosteaw (around neck) {RegenMP rElec rCorr}
   (You bought it in a shop on level 1 of the Vaults)

   [amulet of magic regeneration]

   It increases your rate of magic regeneration.
   rElec:     It insulates you from electricity.
   rCorr:     It protects you from acid and corrosion.
 R - a ring of poison resistance (right hand)
Wands
 q - a wand of iceblast (27)
 y - a wand of acid (26)
 G - a wand of flame (55)
 U - a wand of paralysis (37)
 Y - a wand of digging (8)
Scrolls
 e - 4 scrolls of magic mapping
 l - 8 scrolls of noise
 n - 6 scrolls of blinking
 s - 4 scrolls of enchant weapon
 t - 3 scrolls of fear
 v - 5 scrolls of brand weapon
 C - 11 scrolls of teleportation
 L - 4 scrolls of torment
 P - 3 scrolls of holy word
 Q - a scroll of fog
 S - 2 scrolls of vulnerability
 V - 10 scrolls of identify
Potions
 d - 4 potions of heal wounds
 f - 10 potions of curing
 g - 6 potions of lignification
 h - 5 potions of ambrosia
 i - 3 potions of flight
 o - 3 potions of cancellation
 z - 8 potions of might
 A - 3 potions of resistance
 I - 4 potions of mutation
 O - 6 potions of attraction
 T - 5 potions of haste
 Z - 4 potions of berserk rage


   Skills:
 * Level 20.0 Fighting
 + Level 20.5 Maces & Flails
 - Level 17.4 Armour
 - Level 15.5 Dodging
 - Level 15.0 Shields
 - Level 1.0 Spellcasting
 - Level 2.1 Fire Magic


You had 20 spell levels left.
You didn't know any spells.
Your spell library contained the following spells:

 Spells                   Type           Power      Damage    Failure   Level
 Scorch                   Fire           10%        2d5       83%         2
 Freeze                   Ice            0%         1d3       94%         1
 Magic Dart               Conj           0%         1d3       94%         1
 Call Imp                 Summ           0%         N/A       98%         2
 Searing Ray              Conj           0%         2d4       98%         2
 Slow                     Hex            0%         N/A       98%         2
 Call Canine Familiar     Summ           0%         N/A       100%        3
 Confusing Touch          Hex            0%         N/A       100%        3
 Frozen Ramparts          Ice            0%         1d2       100%        3
 Mephitic Cloud           Conj/Pois/Air  0%         N/A       100%        3
 Portal Projectile        Hex/Tloc       0%         N/A       100%        3
 Vampiric Draining        Necr           0%         2d6       100%        3
 Fulminant Prism          Conj/Hex       0%         3d6       100%        4
 Hailstorm                Conj/Ice       0%         3d3       100%        4
 Leda's Liquefaction      Hex/Erth       0%         N/A       100%        4


Dungeon Overview and Level Annotations

Branches:
Dungeon (15/15)            Temple (1/1) D:6            Lair (6/6) D:10
  Swamp (3/4) Lair:4       Spider (4/4) Lair:4        Slime (0/5) Lair:5
    Orc (2/2) D:10            Elf (2/3) Orc:2        Vaults (1/5) D:14
 Depths (0/5) D:15          IceCv (visited)

Altars:
Ashenzari
Cheibriados
Dithmenos
Elyvilon
Fedhas
Gozag
Hepliaklqana
Kikubaaqudgha
Makhleb
Nemelex Xobeh
Okawaru
Qazlal
Ru
Sif Muna
Trog
Uskayaw
Vehumet
Wu Jian
Xom
Yredelemnul
Zin
The Shining One
Beogh

Shops:
D:5 *   Orc:1 :   Orc:2 =[(*   Elf:2 =   Vaults:1 (*(!

Portals:
Trove: Elf:1 (give +8 demon trident)

Annotations:
D:7 3 runed translucent doors, sn0wgr3's ghost, novice MiFi
D:15 Roxanne
Lair:1 2 transporters, bmj180's ghost, journeyman MiFi
Elf:1 6 runed translucent doors
Elf:2 3 runed translucent doors


Innate Abilities, Weirdness & Mutations

You have a pair of horns on your head.
You reflexively headbutt those who attack you in melee.


Message History

You kill the alligator!
Trog accepts your kill.
You slice the tyrant leech!! The goliath frog barely misses you.
You closely miss the tyrant leech.
The tyrant leech is heavily wounded.
The goliath frog hits you from afar!
You are splashed with acid.
You resist.
* * * LOW HITPOINT WARNING * * *
You slash the tyrant leech!
The tyrant leech is severely wounded.
The tyrant leech bites you!!
* * * LOW HITPOINT WARNING * * *
The tyrant leech draws strength from your injuries!
You slice the tyrant leech!! You headbutt the tyrant leech.
You kill the tyrant leech!
Trog accepts your kill.
The goliath frog hits you but does no damage.
You enter the shallow water.
Moving in this stuff is going to be slow.
The goliath frog hits you!!
* * * LOW HITPOINT WARNING * * *
You are splashed with acid.
You resist.
* * * LOW HITPOINT WARNING * * *
Items here: )) = [[.
You miss the goliath frog. Your headbutt misses the goliath frog.
You slash the swamp worm! The goliath frog barely misses you.
Your plate armour of Insurance prevents you from hitting the goliath frog.
You slash the swamp worm! The swamp worm bites you!
* * * LOW HITPOINT WARNING * * *
The goliath frog hits you.
* * * LOW HITPOINT WARNING * * *
You are splashed with acid.
You resist.
* * * LOW HITPOINT WARNING * * *
You miss the goliath frog. You headbutt the goliath frog!
The goliath frog is moderately wounded.
You barely miss the swamp worm.
The swamp worm bites you but does no damage.
The goliath frog hits you!!
* * * LOW HITPOINT WARNING * * *
You are splashed with acid.
You resist.
You die...

♣. .♣ . .♣ .♣ .. ..
♣.♣ .. .♣♣♣.♣
♣♣.♣..≈.♣♣♣♣
.≈..≈..[.§♣♣♣♣♣♣
♣♣♣♣♣
♣≈)≈♣≈≈≈...≈≈♣♣♣.≈≈.§
♣.F§w≈≈≈≈.≈....≈≈≈♣≈
♣♣.@♣≈≈♣..♣..♣≈≈≈≈≈≈
♣≈).†≈≈.≈≈..≈....≈≈
♣.♣♣).§≈.≈≈.≈†≈≈♣≈≈≈
♣.♣ ♣♣..§§≈♣<≈≈≈≈♣≈≈≈
♣. ♣♣.≈.≈§≈≈§.≈≈.≈≈ .
♣.♣≈≈♣≈...≈≈≈♣≈ ♣
♣..§.≈≈≈≈<..≈≈§
♣.≈≈≈≈.♣≈≈≈.≈≈≈
♣≈≈≈≈≈..≈.≈≈.≈≈


You could see a goliath frog (strong) and a swamp worm.

Vanquished Creatures
  Nikola (Lair:4)
  Jorgrun (D:15)
  Rupert (Lair:3)
  Gastronok (D:10)
  Donald (Orc:1)
  A thorn hunter (Swamp:1)
  A frost giant (IceCv)
  4 vault wardens (Vaults:1)
  An orc warlord (Orc:2)
  4 ghost moths (Spider:4)
  5 emperor scorpions
  3 very ugly things (Vaults:1)
  4 ironbound preservers (Vaults:1)
  A deep elf demonologist (Elf:1)
  A dire elephant (Vaults:1)
  Azrael (D:14)
  2 entropy weavers
  2 deep elf annihilators (Elf:1)
  2 spark wasps
  3 bunyips
  An eleionoma (Swamp:1)
  Snorg (Orc:1)
  8 slime creatures
  2 deep elf high priests (Elf:1)
  A shambling mangrove (Swamp:1)
  A yaktaur captain (Vaults:1)
  5 vault guards
  7 hydras
  Harold (D:8)
  An ogre mage (D:15)
  8 centaur warriors
  A peacekeeper (Vaults:1)
  9 two-headed ogres
  4 boulder beetles
  Erica (D:8)
  A catoblepas (Lair:6)
  3 ironbound frosthearts (Vaults:1)
  A ghost crab (Swamp:2)
  6 alligators
  11 dancing weapons
  2 tengu warriors
  A deep troll shaman (Lair:6)
  18 death yaks
  13 deep elf knights
  2 orc high priests
  2 ironbound beastmasters (Vaults:1)
  Urug (Lair:1)
  Nergalle (Lair:4)
  4 spriggans
  4 goliath frogs
  11 deep trolls
  A spriggan druid (Swamp:3)
  4 wizards
  3 bog bodies
  14 deep elf archers
  2 ironbound convokers (Vaults:1)
  3 swamp dragons
  11 deep elf zephyrmancers
  2 lindwurms
  21 deep elf pyromancers
  18 orb spiders
  2 necromancers
  6 orc knights
  A will-o-the-wisp (Swamp:2)
  3 cyclopes
  5 ugly things
  24 wolf spiders
  5 orc sorcerers
  A manticore (D:12)
  2 vault sentinels (Vaults:1)
  14 elephants
  An ice statue (IceCv)
  Maurice (Orc:1)
  An eye of devastation (shapeshifter) (D:15)
  3 black mambas
  3 gargoyles
  14 cane toads
  Psyche (D:8)
  An efreet (D:15)
  An unseen horror (D:13)
  3 torpor snails
  10 rime drakes
  A kobold demonologist (D:10)
  6 yaktaurs
  9 komodo dragons
  3 tengu conjurers
  10 demonic crawlers
  10 polar bears
  33 jumping spiders
  11 hornets
  A polar bear (shapeshifter) (D:13)
  7 trolls
  4 tyrant leeches
  18 blink frogs
  3 dream sheep (Lair:3)
  59 redbacks
  4 air elementals
  Sigmund (D:5)
  2 shadows
  15 tarantellas
  69 yaks
  3 water elementals
  4 wraiths
  A wyvern (Lair:5)
  2 basilisks
  13 fire elementals
  A golden eye (shapeshifter) (D:14)
  26 vampire mosquitoes
  A steam dragon (Lair:5)
  A swamp worm (shapeshifter) (Elf:1)
  7 wargs
  11 swamp worms
  An acid dragon (D:13)
  3 hell hounds (D:14)
  19 water moccasins
  33 orc warriors
  3 sky beasts
  2 black bears (Lair:2)
  A boggart (Vaults:1)
  2 necrophages (D:5)
  9 centaurs
  7 ogres
  19 wolves
  Blork the orc (D:5)
  8 kobold brigands
  11 bullfrogs
  3 gnoll sergeants (D:10)
  A scorpion (D:4)
  4 two-headed ogre simulacra (D:11)
  5 earth elementals
  A hornet simulacrum (D:15)
  6 wights
  5 killer bees (D:8)
  A howler monkey (D:8)
  3 electric eels
  2 bullfrog skeletons
  A centaur skeleton (D:4)
  3 centaur zombies
  17 orc priests
  2 hounds
  A jelly (D:4)
  2 gnoll shamans
  4 iguanas
  A scorpion zombie (D:5)
  8 orc wizards
  4 hell rats (Lair:1)
  A killer bee zombie (D:7)
  2 troll simulacra (D:11)
  2 howler monkey zombies
  9 gnolls
  A shadow imp (D:5)
  A white imp (D:6)
  An ufetubus (D:5)
  An adder skeleton (D:4)
  A worm (D:4)
  A dart slug (D:1)
  68 orcs
  5 endoplasms
  4 giant cockroaches
  2 goblins
  5 hobgoblins
  2 jackals (D:3)
  4 quokkas
  7 ball pythons
  3 bats
  2 frilled lizards (D:1)
  14 kobolds
  4 rats
1022 creatures vanquished.

Vanquished Creatures (collateral kills)
  An emperor scorpion (Spider:4)
  2 very ugly things (Vaults:1)
  2 orc knights
  2 orc sorcerers (Orc:2)
  A hornet (Spider:4)
  A hell hound (D:14)
  2 orc warriors
  An orc (D:15)
12 creatures vanquished.

Vanquished Creatures (others)
  A bog body (Swamp:1)
  3 deep elf zephyrmancers (Elf:2)
  A deep elf pyromancer (Elf:1)
  A will-o-the-wisp (Swamp:1)
  2 bloated husks
  A swamp worm (Swamp:1)
  A briar patch (Swamp:1)
  143 foxfires
  30 fungi
  38 plants
221 creatures vanquished.

Grand Total: 1255 creatures vanquished

Notes
Turn   | Place    | Note
-------+----------+-------------------------------------------
     0 | D:1      | toffzen the Minotaur Cinder Acolyte began the quest for the
                  | Orb.
     0 | D:1      | Reached XP level 1. HP: 19/19 MP: 1/1
   454 | D:1      | Reached XP level 2. HP: 19/27 MP: 2/2
   540 | D:1      | You fall into a shaft and drop 1 floor!
  1521 | D:2      | Reached skill level 1 in Armour
  1642 | D:2      | Reached skill level 1 in Dodging
  1911 | D:2      | Found a faded altar of an unknown god.
  2164 | D:3      | Reached XP level 3. HP: 33/33 MP: 3/3
  2613 | D:3      | Reached XP level 4. HP: 30/40 MP: 4/4
  3290 | D:4      | Reached skill level 5 in Maces & Flails
  3391 | D:4      | Reached XP level 5. HP: 28/47 MP: 5/5
  3961 | D:4      | Identified the ring "Xupt" {rN+ rCorr}
  3989 | D:4      | Reached XP level 6. HP: 55/55 MP: 6/6
  4081 | D:5      | Entered Level 5 of the Dungeon
  4095 | D:5      | Reached skill level 5 in Fighting
  4200 | D:5      | Reached XP level 7. HP: 61/61 MP: 7/7
  4204 | D:5      | Found Jeseot's Assorted Antiques.
  4422 | D:5      | Noticed Blork the orc
  4436 | D:5      | Killed Blork the orc
  4669 | D:5      | Reached skill level 1 in Shields
  4669 | D:5      | Noticed Sigmund
  4676 | D:5      | Killed Sigmund
  5064 | D:5      | Found a hide-covered altar of Uskayaw.
  5273 | D:6      | Noticed a vampire mosquito
  5322 | D:6      | Reached XP level 8. HP: 42/70 MP: 8/8
  5455 | D:6      | Found a staircase to the Ecumenical Temple.
  5558 | D:5      | Reached skill level 5 in Armour
  6188 | D:6      | Found a glowing golden altar of the Shining One.
  6189 | D:6      | Found a white marble altar of Elyvilon.
  6190 | D:6      | Found a glowing silver altar of Zin.
  6233 | D:6      | Reached skill level 5 in Dodging
  6814 | D:5      | Reached XP level 9. HP: 59/79 MP: 9/9
  7221 | D:6      | Found a shadowy altar of Dithmenos.
  7221 | D:6      | Found a sparkling altar of Nemelex Xobeh.
  7229 | D:6      | Found a snail-covered altar of Cheibriados.
  7231 | D:6      | Found an ancient bone altar of Kikubaaqudgha.
  7233 | D:6      | Found an iron altar of Okawaru.
  7312 | D:6      | Upgraded the game from 0.28-a0-425-gd0eccab798 to
                  | 0.28-a0-429-g1448048969
  7350 | Temple   | Entered the Ecumenical Temple
  7617 | Temple   | Fell from the grace of Ignis
  7617 | Temple   | Became a worshipper of Trog the Wrathful
  7831 | D:7      | Reached skill level 10 in Maces & Flails
  7909 | D:7      | Found a runed translucent gate.
  7910 | D:7      | Found a runed translucent gate.
  7911 | D:7      | Found a runed translucent gate.
  7913 | D:7      | Noticed sn0wgr3's ghost (novice MiFi)
  8837 | D:8      | Noticed Harold
  8859 | D:8      | Killed Harold
  9211 | D:8      | Identified the +6 shortbow of the Whale {speed, Str+3
                  | Dex+2}
  9587 | D:8      | Noticed Erica
  9611 | D:8      | Killed Erica
  9612 | D:8      | Reached XP level 10. HP: 42/90 MP: 10/10
  9909 | D:8      | Reached * piety under Trog
 10147 | D:8      | Noticed Psyche
 10158 | D:8      | Killed Psyche
 11264 | D:9      | Reached XP level 11. HP: 107/107 MP: 11/11
 11273 | D:9      | Identified a scroll of acquirement
 11273 | D:9      | Acquired a +0 eveningstar of draining
 11863 | D:9      | You fall into a shaft and drop 1 floor!
 11863 | D:10     | Entered Level 10 of the Dungeon
 11879 | D:10     | Reached XP level 12. HP: 99/115 MP: 12/12
 12093 | D:10     | Found a staircase to the Lair.
 12098 | D:10     | Noticed Gastronok
 12126 | D:10     | Killed Gastronok
 12452 | D:10     | Reached ** piety under Trog
 13251 | D:10     | Found a staircase to the Orcish Mines.
 13669 | Lair:1   | Entered Level 1 of the Lair of Beasts
 13721 | Lair:1   | Noticed a five-headed hydra
 13734 | Lair:1   | Killed a five-headed hydra
 13736 | Lair:1   | Reached *** piety under Trog
 13929 | Lair:1   | Reached skill level 10 in Armour
 14221 | Lair:1   | You fall into a shaft and drop 1 floor!
 14906 | Lair:1   | Reached XP level 13. HP: 125/125 MP: 13/13
 15110 | Lair:1   | Found a transporter.
 15218 | Lair:1   | Noticed bmj180's ghost (journeyman MiFi)
 15227 | Lair:1   | Noticed Urug
 15240 | Lair:1   | Killed Urug
 15465 | Lair:1   | Found a transporter.
 15558 | Lair:1   | You fall into a shaft and drop 1 floor!
 15580 | Lair:2   | Reached skill level 15 in Maces & Flails
 15773 | Lair:2   | Reached skill level 10 in Dodging
 15897 | Lair:2   | Identified the +3 trident of Impatience {vorpal, rElec
                  | Dex+5}
 15969 | Lair:2   | Was forgiven by Ignis
 16316 | Lair:2   | Reached **** piety under Trog
 16898 | Lair:3   | Noticed Rupert
 16907 | Lair:3   | Killed Rupert
 17523 | Lair:3   | Reached skill level 15 in Fighting
 17988 | Lair:4   | Upgraded the game from 0.28-a0-429-g1448048969 to
                  | 0.28-a0-447-g1f95980246
 18074 | Lair:4   | Found a staircase to the Swamp.
 18165 | Lair:4   | Found a hole to the Spider Nest.
 18637 | Lair:4   | You fall into a shaft and drop 2 floors!
 18637 | Lair:6   | Entered Level 6 of the Lair of Beasts
 19299 | Lair:4   | Noticed Nergalle
 19320 | Lair:4   | Killed Nergalle
 19321 | Lair:4   | Reached XP level 14. HP: 127/135 MP: 14/14
 20465 | Lair:5   | Found a staircase to the Slime Pits.
 21441 | Lair:6   | Reached ***** piety under Trog
 22741 | Lair:6   | Identified the +7 plate armour of Insurance {rC+}
 23542 | D:11     | Found a frozen archway.
 23636 | IceCv    | Entered an ice cave
 24389 | IceCv    | Noticed a frost giant
 24416 | IceCv    | Reached XP level 15. HP: 145/145 MP: 15/15
 24420 | IceCv    | Killed a frost giant
 25524 | D:12     | Received a gift from Trog
 25527 | D:12     | Reached ****** piety under Trog
 26077 | D:13     | Upgraded the game from 0.28-a0-447-g1f95980246 to
                  | 0.28-a0-461-g2dc4ca5097
 26341 | D:13     | Reached skill level 5 in Shields
 27143 | D:14     | Noticed Azrael
 27165 | D:14     | Killed Azrael
 27599 | D:15     | Entered Level 15 of the Dungeon
 27853 | D:14     | Found a gate to the Vaults.
 28184 | D:15     | Reached skill level 10 in Shields
 28528 | D:15     | Noticed Jorgrun
 28545 | D:15     | Killed Jorgrun
 28596 | D:15     | Found a staircase to the Depths.
 28653 | D:15     | Paralysed by an orc sorcerer for 5 turns
 29526 | D:15     | Identified Roxanne's Incunabulum of Clay
 29526 | D:15     | Noticed Roxanne
 29806 | D:10     | Reached XP level 16. HP: 152/152 MP: 16/16
 29819 | Orc:1    | Entered Level 1 of the Orcish Mines
 30239 | Orc:1    | Noticed Maurice
 30259 | Orc:1    | Killed Maurice
 30417 | Orc:1    | Found Atzufamo's Book Emporium.
 30562 | Orc:1    | Received a gift from Trog
 30735 | Orc:2    | Entered Level 2 of the Orcish Mines
 30740 | Orc:2    | Noticed Donald
 30951 | Orc:1    | Killed Donald
 31456 | Orc:2    | Found Ruhentir's Antique Armour Emporium.
 31456 | Orc:2    | Found a staircase to the Elven Halls.
 31495 | Orc:2    | Noticed Snorg
 31733 | Orc:2    | Found Powkeixu's Jewellery Emporium.
 31829 | Orc:1    | Killed Snorg
 32090 | Orc:1    | Identified the +5 demon whip of Capital Punishment {flame,
                  | SInv} (Trog gifted it to you on level 1 of the Orcish
                  | Mines)
 32090 | Orc:1    | Received a gift from Trog
 32133 | Orc:2    | Found Kiat's Antique Weapon Emporium.
 32300 | Orc:2    | Found Tomiager's General Store.
 32308 | Orc:2    | Bought a scroll of teleportation for 45 gold pieces
 32308 | Orc:2    | Bought a scroll of teleportation for 45 gold pieces
 32558 | Orc:2    | Bought a +7 broad axe of electrocution for 705 gold pieces
 32711 | Spider:1 | Entered Level 1 of the Spider Nest
 33147 | Spider:1 | Reached skill level 15 in Shields
 34875 | Spider:2 | Received a gift from Trog
 35711 | Spider:3 | Reached skill level 15 in Armour
 36517 | Spider:4 | Entered Level 4 of the Spider Nest
 36640 | Spider:3 | Reached XP level 17. HP: 159/161 MP: 17/17
 37897 | Spider:4 | Received a gift from Trog
 38697 | Spider:4 | Got a gossamer rune of Zot
 39110 | Vaults:1 | Entered Level 1 of the Vaults
 39155 | Vaults:1 | Found Rajyur's Weapon Emporium.
 40749 | Vaults:1 | Received a gift from Trog
 41026 | Vaults:1 | Found Beugupn's Weapon Boutique.
 41026 | Vaults:1 | Found Daump's Distillery.
 41038 | Vaults:1 | Bought a potion of resistance for 180 gold pieces
 41038 | Vaults:1 | Bought a potion of haste for 180 gold pieces
 41038 | Vaults:1 | Bought a potion of resistance for 180 gold pieces
 41038 | Vaults:1 | Bought a potion of might for 72 gold pieces
 41158 | Vaults:1 | Reached XP level 18. HP: 151/172 MP: 18/18
 41750 | Vaults:1 | Found Raah's Assorted Antiques.
 41753 | Vaults:1 | Bought a transparent bronze amulet for 170 gold pieces
 41753 | Vaults:1 | Identified the amulet of Xosteaw {RegenMP rElec rCorr} (You
                  | bought it in a shop on level 1 of the Vaults)
 42320 | Elf:1    | Entered Level 1 of the Elven Halls
 42536 | Elf:1    | Paralysed by an air elemental for 1 turns
 42766 | Elf:1    | Paralysed by an air elemental for 1 turns
 42771 | Elf:1    | Paralysed by an air elemental for 1 turns
 42889 | Elf:1    | Reached skill level 15 in Dodging
 42889 | Elf:1    | Identified the +0 scale mail "Doaqate" {rC+ Int+2}
 42945 | Elf:1    | Received a gift from Trog
 42961 | Elf:1    | Paralysed by an orc for 6 turns
 43634 | Elf:1    | Found a portal to a secret trove of treasure.
 43801 | Elf:1    | Identified the +4 ring mail "Erchutze" {Rampage rF+ Str-3}
 44285 | Elf:1    | Found a runed translucent gate.
 44285 | Elf:1    | Found a runed translucent gate.
 44285 | Elf:1    | Found a runed translucent gate.
 44285 | Elf:1    | Found a runed translucent gate.
 44285 | Elf:1    | Found a runed translucent gate.
 44286 | Elf:1    | Found a runed translucent gate.
 44756 | Elf:2    | Found Qiarioj's Jewellery Emporium.
 44938 | Elf:2    | Received a gift from Trog
 45461 | Elf:2    | Found a runed translucent gate.
 45464 | Elf:2    | Found a runed translucent gate.
 45464 | Elf:2    | Found a runed translucent gate.
 46366 | Swamp:1  | Entered Level 1 of the Swamp
 46474 | Swamp:1  | Noticed Nikola
 46921 | Lair:4   | Killed Nikola
 47483 | Swamp:1  | Identified the +3 great mace of Imp's Death {antimagic,
                  | *Noise rF+ Will+ Str+3} (Trog gifted it to you on level 1
                  | of the Swamp)
 47483 | Swamp:1  | Received a gift from Trog
 47933 | Swamp:2  | Reached XP level 19. HP: 183/183 MP: 6/19
 49390 | Swamp:3  | HP: 3/277 [goliath frog[a spriggan druid] (19)]
 49390 | Swamp:3  | Splashed by a goliath frog's acid

Illustrated notes

Levels and vault maps discovered:
D:1:      heliophobic_arrival_dark_side_of_the_moon, layout_basic
D:2:      layout_loops_ring, shapermc_ecumenical_altar_starsandcircs
D:3:      layout_basic
D:4:      layout_basic, minmay_misc_feat_room
D:5:      layout_gridville, nicolae_uskayaw_suspiria, kennysheep_another_room,
          st_stairs_7, nicolae_inconvenience_store, uniq_blork_the_orc,
          uniq_sigmund
D:6:      layout_cave_pools, good_gods_temple_1,
          chequers_temple_overflow_minitemple, minmay_temple_entry_antechambers
D:7:      layout_rooms, gammafunk_ghost_necromancy
D:8:      layout_basic, uniq_erica, uniq_psyche, uniq_harold
D:9:      layout_basic
D:10:     layout_stronghold, lair_entry_dummy,
          kennysheep_orc_monster_closet_entryway, uniq_gastronok
D:11:     layout_basic, portal_ice_cave_entry_ice_simulacra
D:12:     layout_cross, serial_glass, glass_columns_c, glass_columns_b
D:13:     layout_cave_pools
D:14:     layout_basic, grunt_vaults_entry_fortified, serial_bayou_lagoon_a,
          uniq_azrael
D:15:     hangedman_depths_entry_civil_slaughter, layout_irregular_city,
          serial_glass, glass_columns_a, glass_columns_c, uniq_roxanne,
          uniq_jorgrun
Temple:   oiseaux_autumnal_temple
Lair:1:   layout_misc_corridors, gammafunk_ghost_berserking_beasts, uniq_urug
Lair:2:   layout_cave_pods, nicolae_lair_grove_arrangements, beast_lair_carwin_6
Lair:3:   layout_small_grid, uniq_rupert
Lair:4:   cheibrodos_lair_river_kwai, layout_layer_cave,
          minmay_swamp_entry_swarm, spider_nest_entry_a,
          chequers_serial_rivers_micro_a, uniq_nergalle
Lair:5:   layout_gridlike, slime_dummy, serial_bayou_pond_a, st_stairs_7,
          grunt_megastairs_3
Lair:6:   grunt_lair_end_beastmaster, layout_gridlike
Swamp:1:  layout_falls_marsh, infiniplex_staircase_pool, uniq_nikola
Swamp:2:  layout_falls_marsh, evilmike_swamp_ruin_house_6, swamp_pool1,
          infiniplex_staircase_pool_2
Swamp:3:  layout_falls_marsh, nicolae_swamp_triple_paths
Spider:1: layout_chambers
Spider:2: layout_spider_delve, nicolae_spider_webs_and_nodes,
          nicolae_spider_some_kinda_spiderbox
Spider:3: layout_spider_delve, nicolae_spider_claw_tunnel,
          nicolae_spider_cling_halls
Spider:4: spider_rune_water
Orc:1:    layout_diamond_mine, serial_shops, shop_fountains, uniq_maurice
Orc:2:    grunt_orc_gardens, layout_diamond_mine, grunt_orc_garden,
          grunt_orc_garden, grunt_orc_garden, grunt_orc_garden, mines2_david,
          uniq_snorg, uniq_donald
Elf:1:    elf_arrival_001, layout_gridlike, nicolae_trove_entry_free_sample,
          orc_legates
Elf:2:    elven_hall_of_blades_hangedman_original [nicolae_blade_tridents],
          layout_loops_cross, serial_shops, shop_fountains
Vaults:1: nicolae_vaults_network_quincunx
          [nicolae_vaults_network_quincunx_subvault,
          nicolae_vaults_network_quincunx_subvault,
          nicolae_vaults_network_quincunx_subvault,
          nicolae_vaults_network_quincunx_subvault,
          nicolae_vaults_network_quincunx_subvault], v_pattern_1,
          vaults_room_fancy_cross, v_misc_25, hangedman_vaults_hat,
          vaults_mumra_hex, nicolae_vaults_network_barrier,
          vaults_dpeg_encased_lava, layout_vaults_maze_bifur, serial_shops,
          nicolae_shop_behind_doors, shop, shop,
          nicolae_shop_competitors_out_of_business

Skill      XL: |  1  2  3  4  5  6  7  8  9 10 11 12 13 14 15 16 17 18 19 |
---------------+----------------------------------------------------------+-----
Maces & Flails | 4 5 6 7 9 11 12 14 16 17 18 19 20 | 20.5
Armour         | 1 2 3 4 5 7 8 10 12 13 15 16 17 | 17.4
Dodging        | 1 2 3 4 5 6 8 9 11 12 13 14 15 | 15.5
Fighting       | 4 5 6 7 8 13 14 15 16 17 18 19 20 | 20.0
Shields        | 2 4 12 15 | 15.0
Spellcasting   | |  1.0
Fire Magic     | |  2.1

Action                   |  1- 3 |  4- 6 |  7- 9 | 10-12 | 13-15 | 16-18 | 19-21 || total
-------------------------+-------+-------+-------+-------+-------+-------+-------++-------
Melee: Flail             |    61 |    66 |   245 |   191 |       |       |       ||   563
       Mace              |    10 |       |       |       |       |       |       ||    10
       Headbutt          |     4 |     8 |    43 |    94 |   276 |   380 |    20 ||   825
       Eveningstar       |       |       |       |   282 |  1230 |   635 |       ||  2147
       Demon whip        |       |       |       |       |       |   752 |       ||   752
       Broad axe         |       |       |       |       |       |   213 |    22 ||   235
       Great mace        |       |       |       |       |       |    23 |    97 ||   120
 Fire: Hunting sling     |    11 |     4 |     6 |     6 |       |       |       ||    27
Invok: Foxfire Swarm     |     1 |     2 |     7 |       |       |       |       ||    10
       Berserk           |       |       |       |     3 |    10 |    10 |     2 ||    25
       Trog's Hand       |       |       |       |     1 |     4 |    15 |       ||    20
       Brothers in Arms  |       |       |       |       |     2 |     4 |       ||     6
Evoke: Wand              |       |       |       |     5 |    14 |    10 |     1 ||    30
  Use: Scroll            |       |     3 |    15 |     7 |     4 |     3 |     1 ||    33
       Potion            |       |       |     8 |     3 |     2 |    10 |       ||    23
 Stab: Distracted        |       |       |       |       |     1 |       |       ||     1
Armor: Robe              |    20 |       |       |       |       |       |       ||    20
       Chain mail        |     3 |    27 |       |       |       |       |       ||    30
       Plate armour      |       |     7 |    99 |       |   309 |   586 |    86 ||  1087
       Scale mail        |       |       |     6 |   133 |   159 |       |       ||   298
Dodge: Dodged            |    43 |    24 |    66 |   176 |   488 |   547 |    64 ||  1408
Block: Buckler           |       |       |    38 |    58 |   152 |       |       ||   248
       Kite shield       |       |       |       |       |   130 |   749 |       ||   879
       Reflection        |       |       |       |       |       |    43 |       ||    43

Table legend: (Time is in decaauts)
 A = Elapsed time spent in this place.
 B = Non-inter-level travel time spent in this place.
 C = Inter-level travel time spent in this place.
 D = Time resting spent in this place.
 E = Time spent auto-exploring this place.
 F = Levels seen in this place.
 G = Mean time per level.
                   A        B        C        D        E       F      G
               +--------+--------+--------+--------+--------+-----+--------+
         Total |  48884 |  46137 |   2747 |  17538 |  16543 |  35 | 1396.7 |
       Dungeon |  19842 |  18564 |   1278 |   6541 |   7591 |  15 | 1322.8 |
        Temple |    313 |    267 |     46 |      0 |    252 |   1 |  313.0 |
          Lair |   9999 |   9445 |    554 |   3498 |   4013 |   6 | 1666.5 |
         Swamp |   2320 |   2271 |     49 |   1031 |    758 |   3 |  773.3 |
   Spider Nest |   5960 |   5616 |    344 |   1696 |   2071 |   4 | 1490.0 |
  Orcish Mines |   2790 |   2442 |    348 |   1035 |    731 |   2 | 1395.0 |
   Elven Halls |   3769 |   3677 |     92 |   1922 |    817 |   2 | 1884.5 |
        Vaults |   2871 |   2839 |     32 |   1396 |    251 |   1 | 2871.0 |
      Ice Cave |   1017 |   1017 |      0 |    417 |     57 |   1 | 1017.0 |
               +--------+--------+--------+--------+--------+-----+--------+

Top non-repeatable levels by time:
Vaults:1: 2871 daAuts
  Lair:4: 2599 daAuts
    D:10: 2470 daAuts
  Lair:6: 2375 daAuts
   Elf:1: 2374 daAuts
  Lair:2: 2162 daAuts
Spider:4: 2131 daAuts
     D:5: 1847 daAuts
     D:8: 1734 daAuts
    D:14: 1698 daAuts
   Orc:1: 1635 daAuts
    D:15: 1521 daAuts
     D:6: 1471 daAuts
     D:1: 1445 daAuts
     D:9: 1423 daAuts
